 Dungeon Crawl Stone Soup version 0.21-a0-265-gb353147 (console) character file.

6778 removed the Destroyer (level 10, -7/83 HPs)
             Began as a Demigod Venom Mage on Sept 9, 2017.
             Mangled by a slime creature (14 damage)
             ... on level 10 of the Dungeon on Sept 10, 2017.
             The game lasted 00:31:57 (11002 turns).

removed the Destroyer (Demigod Venom Mage)         Turns: 11002, Time: 00:31:58

Health: -7/83      AC:  7    Str: 11    XL:     10   Next: 48%
Magic:  18/31      EV: 16    Int: 25    God:
Gold:   1          SH:  2    Dex: 16    Spells: 10/21 levels left

rFire    . . .     SeeInvis .   a - +1 quarterstaff (crush)
rCold    + . .     Gourm    .   (shield currently unavailable)
rNeg     + . .     Faith    .   P - +0 robe {rC+}
rPois    .         Spirit   .   w - +2 helmet
rElec    .         Reflect  +   Y - +0 cloak
rCorr    .         Harm     .   x - +0 pair of gloves
MR       +....                  (no boots)
Stlth    ++........             O - +2 amulet of reflection
HPRegen  0.23/turn              p - ring of magical power
MPRegen  0.22/turn              Z - ring of positive energy

@: no status effects
A: high mp 1
a: no special abilities


You were on level 10 of the Dungeon.
You were near starving.

You visited 1 branch of the dungeon, and saw 10 of its levels.

You collected 331 gold pieces.
You spent 330 gold pieces at shops.

Inventory:

Hand Weapons
 a - a +1 quarterstaff of crushing (weapon)
 A - a +0 blowgun
 D - a +1 short sword of freezing
 F - a +0 spear
 G - a +0 hand axe of venom
Missiles
 K - 3 throwing nets (quivered)
Armour
 w - a +2 helmet (worn)
 x - a +0 pair of gloves (worn)
 P - a +0 robe of cold resistance (worn)
 Y - a +0 cloak (worn)
Jewellery
 p - a ring of magical power (left hand)
 O - a +2 amulet of reflection (around neck)
 Z - a ring of positive energy (right hand)
Wands
 M - a wand of iceblast (6/15)
 U - a wand of paralysis (12/24)
 V - a wand of lightning (4/15)
Scrolls
 h - 6 scrolls of teleportation
 n - a scroll of recharging
 u - 3 scrolls of immolation
 v - a scroll of fog
 y - 4 scrolls of amnesia {unknown}
 E - a scroll of remove curse
 J - a scroll of enchant weapon {unknown}
 N - 3 scrolls of blinking {unknown}
 Q - a scroll of torment {unknown}
 R - a scroll of enchant armour {unknown}
 T - a scroll of identify
 X - a scroll of random uselessness {unknown}
Potions
 i - 3 potions of agility
 l - 4 potions of curing
 m - 3 potions of ambrosia
 o - 2 potions of heal wounds
 r - a potion of cancellation
 t - a potion of lignification
 H - a potion of resistance {unknown}
 I - a potion of haste
 L - a potion of mutation
 S - a potion of invisibility
 W - a potion of magic
Books
 b - a Young Poisoner's Handbook

   Spells                             Type                      Level
   a - Sting                          Conjuration/Poison           1
   b - Poisonous Vapours              Poison/Air                   2
   c - Mephitic Cloud                 Conjuration/Poison/Air       3
   d - Olgreb's Toxic Radiance        Poison                       4
   e - Venom Bolt                     Conjuration/Poison           5
Comestibles
 c - 5 bread rations
 g - 6 meat rations
 s - 15 fruits
 z - 2 royal jellies


   Skills:
 - Level 6.0 Fighting
 - Level 6.0 Dodging
 - Level 1.7 Stealth
 - Level 6.0 Spellcasting
 + Level 10.4 Conjurations
 - Level 4.0 Poison Magic


You had 10 spell levels left.
You knew the following spells:

 Your Spells              Type           Power        Failure   Level  Hunger
a - Sting                 Conj/Pois      ####         1%          1    None
b - Searing Ray           Conj           ######       1%          2    None
c - Iskenderun's Mystic   Conj           ######..     1%          4    ###....
d - Magic Dart            Conj           ####         1%          1    None
m - Mephitic Cloud        Conj/Pois/Air  ####....     3%          3    None


Dungeon Overview and Level Annotations

Branches:
Dungeon (10/15)            Temple (0/1) D:4            Lair (0/6) D:9
    Orc: D:9-12

Shops:
D:4 :   D:5 }

Annotations:
D:3 Grinder
D:4 exclusion: upstairs, Keter's ghost, amateur DsWn


Innate Abilities, Weirdness & Mutations

You have an increased reservoir of magic. (+10% MP)


Message History

The floor.
The slime creature hits you.
* * * LOW HITPOINT WARNING * * *
Found a scale mail.
An orc wizard comes into view. It is wielding a dagger.
You are near starving!
Found a scroll labeled EFOHEF CEL XAU.
Found 14 gold pieces.
The slime creature closely misses you.
You are no longer corroded.
There is a stone staircase leading up, spattered with blood here.
Casting: Iskenderun's Mystic Blast
Confirm with . or Enter, or press ? or * to list all spells.
Aiming: Iskenderun's Mystic Blast
Press: ? - help, Shift-Dir - straight line, f/p - slime creature
Aim: a slime creature (moderately wounded)
The orb of energy hits the slime creature.
The slime creature is almost dead.
The orb of energy explodes!
The slime creature hits you!
You die...

. ##.. ####.... ######
#...... #....# ##....
#....# ###..# #....#
#.J@.# ##.$..# ##.#)>#
#####...Z.###Z.#..#
.........Z........#
####......####.##.# #
##.#....##......#
##...##.........### .
....###.#....#########.Y..
......#.##.#..............


You could see a slime creature and a bullfrog skeleton.

Vanquished Creatures
  3 two-headed ogres
  Pikel (D:7)
  Maurice (D:8)
  Psyche (D:8)
  3 slime creatures
  A hippogriff (D:9)
  A wyvern (D:9)
  A water moccasin (D:10)
  A porcupine (D:9)
  2 orc warriors
  An ice beast (D:6)
  A sky beast (D:5)
  A black bear (D:8)
  4 slaves (D:7)
  A phantom (D:5)
  3 ogres
  3 centaurs
  A crocodile (D:7)
  A big kobold (D:7)
  3 bullfrogs
  A wyvern skeleton (D:9)
  A scorpion (D:8)
  2 howler monkeys
  3 crimson imps
  A centaur zombie (D:5)
  5 hounds
  A quasit (D:6)
  5 orc priests
  A bullfrog skeleton (D:7)
  2 orc wizards
  A centaur skeleton (D:8)
  An iguana (D:7)
  Natasha (thrice) (D:3)
  4 worker ants
  A hound zombie (D:9)
  A hound skeleton (D:7)
  Robin (D:2)
  8 gnolls
  8 adders
  A shadow imp (D:6)
  2 adder zombies
  5 worms
  2 dart slugs
  8 leopard geckos
  33 orcs
  2 ball pythons
  6 giant cockroaches
  20 goblins
  12 hobgoblins
  10 jackals
  15 kobolds
  6 quokkas
  9 bats
  7 frilled lizards
  2 jackal zombies
  A leopard gecko zombie (D:5)
  A quokka skeleton (D:5)
  5 rats
231 creatures vanquished.

Vanquished Creatures (others)
  An adder (D:4)
  A quokka (D:4)
2 creatures vanquished.

Grand Total: 233 creatures vanquished

Notes
Turn   | Place    | Note
-------+----------+-------------------------------------------
     0 | D:1      | removed the Demigod Venom Mage began the quest for the Orb.
     0 | D:1      | Reached XP level 1. HP: 14/14 MP: 5/5
    36 | D:1      | Reached skill level 1 in Conjurations
   333 | D:1      | Reached skill level 2 in Conjurations
   333 | D:1      | Reached XP level 2. HP: 20/20 MP: 1/7
   982 | D:2      | Reached XP level 3. HP: 26/26 MP: 4/8
  1133 | D:2      | Reached skill level 3 in Conjurations
  1308 | D:2      | Found a sacrificial altar of Ru.
  1752 | D:2      | Found a radiant altar of Vehumet.
  1883 | D:2      | Learned a level 3 spell: Mephitic Cloud
  1896 | D:3      | Reached XP level 4. HP: 33/33 MP: 9/9
  2009 | D:3      | Noticed Natasha
  2017 | D:3      | Killed Natasha
  2076 | D:3      | Noticed Natasha
  2092 | D:3      | Killed Natasha
  2250 | D:3      | Noticed Robin
  2267 | D:2      | Killed Robin
  2267 | D:2      | Reached XP level 5. HP: 34/38 MP: 9/10
  2353 | D:3      | Noticed Natasha
  2362 | D:3      | Killed Natasha
  2362 | D:3      | Reached skill level 4 in Conjurations
  2512 | D:3      | Noticed Grinder
  2962 | D:4      | Found a staircase to the Ecumenical Temple.
  3178 | D:4      | Noticed Keter's ghost (amateur DsWn)
  3208 | D:4      | Reached XP level 6. HP: 30/45 MP: 4/11
  3214 | D:4      | Reached skill level 5 in Conjurations
  3697 | D:4      | Found Hagifel's Book Boutique.
  4170 | D:5      | Entered Level 5 of the Dungeon
  4170 | D:5      | Found Dis Yxzu's Gadget Shop.
  4714 | D:5      | Reached skill level 6 in Conjurations
  4720 | D:5      | Found a shadowy altar of Dithmenos.
  4793 | D:6      | Found a blossoming altar of Fedhas.
  4800 | D:6      | Reached XP level 7. HP: 50/50 MP: 12/13
  5342 | D:6      | Reached skill level 1 in Fighting
  5845 | D:6      | You fall through a shaft for 3 floors!
  5878 | D:8      | Noticed a two-headed ogre
  5882 | D:8      | Found a hazy altar of Hepliaklqana.
  6430 | D:7      | Reached XP level 8. HP: 64/64 MP: 16/17
  6662 | D:7      | Noticed Pikel
  6786 | D:7      | Killed Pikel
  6786 | D:7      | Reached skill level 5 in Dodging
  6920 | D:7      | Upgraded the game from 0.21-a0-264-g3e31e41 to 0.21-a0-265-gb353147
  7367 | D:8      | Noticed Maurice
  7367 | D:8      | Noticed a two-headed ogre
  7423 | D:8      | Killed a two-headed ogre
  7423 | D:8      | Reached skill level 8 in Conjurations
  7423 | D:8      | Reached XP level 9. HP: 58/71 MP: 16/18
  7690 | D:8      | Killed Maurice
  7690 | D:8      | Reached skill level 9 in Conjurations
  7741 | D:8      | Noticed Psyche
  7756 | D:8      | Killed Psyche
  7756 | D:8      | Reached skill level 5 in Spellcasting
  8129 | D:8      | Killed a two-headed ogre
  8828 | D:9      | Noticed a two-headed ogre
  8875 | D:9      | Killed a two-headed ogre
  8875 | D:9      | Reached XP level 10. HP: 37/83 MP: 18/22
  9352 | D:9      | Found a shattered altar of Ashenzari.
  9559 | D:9      | Found a snail-covered altar of Cheibriados.
  9711 | D:9      | Found a staircase to the Lair.
  9894 | D:4      | Bought a book of Conjurations for 330 gold pieces
  9897 | D:4      | Learned a level 2 spell: Searing Ray
  9902 | D:4      | Learned a level 4 spell: Iskenderun's Mystic Blast
  9908 | D:4      | Learned a level 1 spell: Magic Dart
 10002 | D:10     | Entered Level 10 of the Dungeon
 10164 | D:10     | Reached skill level 10 in Conjurations
 10205 | D:10     | Noticed a two-headed ogre
 10970 | D:10     | HP: 4/83 [slime creature (22)]
 10975 | D:10     | HP: 3/83 [slime creature (3)]
 10980 | D:10     | HP: 2/83 [slime creature (2)]
 11002 | D:10     | Mangled by a slime creature

Vault maps used:
D:1:      ncdulo_watergridlock, minmay_octomino_c4
D:2:      lemuel_coloured_pillars_altar, marbit_many_paths, first_bread
D:3:      guppyfry_early_lair_pool, uniq_robin, uniq_natasha, uniq_grinder
D:4:      minmay_temple_entry_overgrown, serial_shops,
          nicolae_shop_behind_doors, minmay_misc_feat_tower, lemuel_old_faithful
D:5:      basic_altar, serial_shops, nicolae_shop_crystal
D:6:      lemuel_crystal_altar
D:7:      uniq_pikel
D:8:      lemuel_doored_altar, uniq_psyche, uniq_maurice
D:9:      lemuel_crystal_altar, old_standard_altar,
          grunt_lair_entry_orc_guard_hut
D:10:     blue_anna_alchemist, nicolae_underground_beach

Skill      XL: |  1  2  3  4  5  6  7  8  9 10 |
---------------+-------------------------------+-----
Conjurations   | 2 3 4 6 8 9 10 | 10.4
Poison Magic   | 3 4 |  4.0
Spellcasting   | 2 4 6 |  6.0
Fighting       | 3 4 6 |  6.0
Dodging        | 5 6 |  6.0
Stealth        | |  1.7

Action                   |  1- 3 |  4- 6 |  7- 9 | 10-12 || total
-------------------------+-------+-------+-------+-------++-------
Melee: Short sword       |     6 |       |       |       ||     6
       Quarterstaff      |       |    40 |   129 |     9 ||   178
 Cast: Sting             |   110 |   219 |   251 |    78 ||   658
       Mephitic Cloud    |       |     6 |    21 |     3 ||    30
       Magic Dart        |       |       |       |    23 ||    23
       Iskenderun's Myst |       |       |       |     9 ||     9
       Searing Ray       |       |       |       |     8 ||     8
Evoke: Wand              |       |       |     3 |       ||     3
  Use: Scroll            |       |    13 |     2 |     2 ||    17
 Stab: Confused          |       |     1 |     1 |       ||     2
       Sleeping          |       |       |     3 |       ||     3
  Eat: Chunk             |     4 |    13 |     8 |     6 ||    31
       Bread ration      |       |       |     1 |       ||     1
       Fruit             |       |       |       |     1 ||     1
Armor: Robe              |     7 |    30 |   109 |    10 ||   156
Dodge: Dodged            |    19 |    66 |   204 |    48 ||   337
Block: Other             |       |       |    15 |     4 ||    19
       Reflection        |       |       |     1 |     2 ||     3

Table legend:
 A = Spawn XP
 B = Non-spawn XP
 C = Spawn XP percentage of total XP
 D = Spawn monster count
 E = Non-spawn monster count
 F = Spawn count percentage of total count
 G = Total turns spent on level
                    A         B        C        D         E        F      G
               +---------+---------+-------+---------+---------+-------+---------
         Total |       0 |    9683 |   0.0 |       0 |     227 |   0.0 | 11002
               +---------+---------+-------+---------+---------+-------+---------
           D:1 |       0 |      45 |   0.0 |       0 |      24 |   0.0 |   964
           D:2 |       0 |      83 |   0.0 |       0 |      23 |   0.0 |  1110
           D:3 |       0 |     251 |   0.0 |       0 |      44 |   0.0 |  1080
           D:4 |       0 |     206 |   0.0 |       0 |      24 |   0.0 |  1079
           D:5 |       0 |     713 |   0.0 |       0 |      20 |   0.0 |  1134
           D:6 |       0 |     446 |   0.0 |       0 |      11 |   0.0 |   803
           D:7 |       0 |    1460 |   0.0 |       0 |      29 |   0.0 |  1624
           D:8 |       0 |    3268 |   0.0 |       0 |      23 |   0.0 |  1030
           D:9 |       0 |    2549 |   0.0 |       0 |      23 |   0.0 |  1984
          D:10 |       0 |     662 |   0.0 |       0 |       6 |   0.0 |   194
               +---------+---------+-------+---------+---------+-------+---------
